 Dungeon Crawl Stone Soup version 0.31-a0-631-g285b096dc4 (webtiles) character file.

Game seed: 17487277053969787930

21 kae the Changeling (level 2, -5/21 HPs)
             Began as a Demonspawn Shapeshifter on Aug 25, 2023.
             Slain by Natasha (7 damage)
             ... on level 2 of the Dungeon.
             The game lasted 00:00:30 (1124 turns).

kae the Changeling (Demonspawn Shapeshifter)        Turns: 1124, Time: 00:00:31

Health: -5/21      AC:  2    Str: 15    XL:     2   Next: 65%
Magic:  2/2        EV: 12    Int:  9    God:
Gold:   68         SH:  0    Dex: 13    Spells: 1/1 levels left

rFire   . .          .
                       - Unarmed
rCold   . . .        (no shield)
rNeg    . . .        a - +0 animal skin
rPois   .            (helmet currently unavailable)
rElec   .            (cloak currently unavailable)
rCorr   .            (gloves currently unavailable)
SInv    .            (boots currently unavailable)
Will    .....        (no amulet)
Stlth   +            (no ring)
HPRegen 0.23/turn    (no ring)
MPRegen 0.08/turn

%: no passive effects
@: beast-form, slowed, very slow
A: beast (slay +1), demonic guardian 1
a: Begin Untransformation


You were on level 2 of the Dungeon.
You were a hulking beast.
You visited 1 branch of the dungeon, and saw 2 of its levels.

You collected 68 gold pieces.


Innate Abilities, Weirdness & Mutations

You are a hulking beast.
Your limbs bulge with bestial killing power. (Slay +1)
A weak demonic guardian rushes to your aid.


   Skills:
 + Level 1.5 Fighting
 - Level 1.7 Dodging
 + Level 2.9 Unarmed Combat
 * Level 3.1 Shapeshifting


You had one spell level left.
You didn't know any spells.
Your spell library was empty.

Inventory:

Missiles
 i - a stone
 k - 2 poisoned darts
Armour
 a - a +0 animal skin (worn)
Talismans
 c - a beast talisman (active)
 d - a flux talisman
Scrolls
 e - a scroll of identify {unknown}
 f - a scroll of fog {unknown}
 h - a scroll of silence {unknown}
 j - a scroll of teleportation {unknown}
 l - a scroll of poison {unknown}
Potions
 b - a potion of lignification {!q}
 g - a potion of curing {unknown}

Dungeon Overview and Level Annotations

Branches:
Dungeon (2/15) Zot: 10877

Altars:

Annotations:
D:2 Natasha

#.### #h#.## #....
#.>. #.. #.# ##.##
#.#h# ##h## #+#
#5# #.# #.# #.#
#.###########.##
#.#.......##...##
#.#.#####.#..<..##
#.................
###.#####.###.####
#.#####.# #.#


You could see Natasha (ally target) and a friendly white imp (summoned).


Message History

Key pressed, stopping explore.
Key pressed, stopping explore.
No target in view!
No target in view!
Key pressed, stopping explore.
No target in view!
No target in view! 😎 HP[+9]
Your hp is fully restored (21).
Key pressed, stopping explore.
No target in view!
No target in view!
Done exploring.
No target in view!
No target in view!
Done exploring.
No target in view!
No target in view!
Done exploring.
No target in view!
No target in view!
Done exploring.
There is a stone staircase leading down here.
You climb downwards.
Found a stone staircase leading up.
There is a stone staircase leading up here.
A bat is nearby!
Okay, then.
Okay, then.
The bat hits you but does no damage.
You completely miss the bat. The bat barely misses you.
A bat is nearby!
The bat hits you. The bat hits you but does no damage.
You miss the bat. The bat barely misses you.
The bat hits you but does no damage. 😕 HP[-1]
You take 1 damage, and now have 20/21 hp.
A bat is nearby!
You barely miss the bat. The bat closely misses you.
The bat barely misses you. 😎 HP[+1]
Your hp is fully restored (21).
A bat is nearby!
A bat is nearby!
The bat closely misses you. The bat hits you.
You hit the bat. The bat closely misses you.
The bat hits you but does no damage. 😕 HP[-1]
You take 1 damage, and now have 20/21 hp.
You closely miss the bat. The bat barely misses you.
A ball python comes into view.
The bat barely misses you. The bat closely misses you.
There are monsters nearby!
You hit the bat.
You kill the bat! 😎 HP[+1]
Your hp is fully restored (21).
A ball python is nearby!
The helpless ball python fails to defend itself.
You hit the ball python.
You kill the ball python!
No target in view!
Natasha, Servant of Life and Death comes into view.
Found a stone staircase leading down.
You start waiting.
Natasha claws you. 😕 HP[-3]
You take 3 damage, and now have 18/21 hp.
You closely miss Natasha. You closely miss Natasha. Natasha barely misses you.
You barely miss Natasha. Natasha barely misses you.
You closely miss Natasha. Natasha barely misses you. 😕 HP[+1]
You hit Natasha. Natasha closely misses you.
You closely miss Natasha.
Natasha stares at you and mumbles some strange words.
The magic dart hits you! 😮 HP[-7]
You take 7 damage, and now have 12/21 hp.
MASSIVE DAMAGE!! (PAUSE)
You hit Natasha. Natasha claws you but does no damage.
You closely miss Natasha. Natasha claws you.
* * * LOW HITPOINT WARNING * * *
Unknown command. 😨 HP[-3]
You take 3 damage, and now have 9/21 hp.
You closely miss Natasha. Natasha claws you but does no damage.
Unknown command.
You hit Natasha.
Natasha stares at you and mumbles some strange words.
You feel yourself slow down.
You barely miss Natasha. Natasha claws you!
* * * LOW HITPOINT WARNING * * *
A demonic guardian appears! 😱 HP[-8]
You take 8 damage, and now have 1/21 hp.
MASSIVE DAMAGE!! (PAUSE)
You closely miss Natasha. Natasha closely misses you. Natasha claws you!
You die...
Natasha curls up and begins to purr.

Skill      XL: |  1  2 |
---------------+-------+-----
Shapeshifting  | 3 |  3.1
Fighting       | |  1.5
Dodging        | |  1.7
Unarmed Combat | |  2.9

Action                     || total
---------------------------++-------
  Melee: Unarmed           ||    62
   Stab: Sleeping          ||     3
 Armour: Animal skin       ||    10
  Dodge: Dodged            ||    35

Levels and vault maps discovered:
D:1:      elethiomel_arrival_infinity_welcomes_careful_drivers, layout_basic
D:2:      layout_loops_corners, minivault_27, uniq_natasha

Notes
Turn   | Place    | Note
-------+----------+-------------------------------------------
     0 | D:1      | kae the Demonspawn Shapeshifter began the quest for the
                  | Orb.
     0 | D:1      | Reached XP level 1. HP: 15/15 MP: 1/1
     0 | D:1      | magus.rc [v1.11.3]
   176 | D:1      | Gained mutation: A weak demonic guardian rushes to your
                  | aid. [demonic ancestry]
   176 | D:1      | Reached XP level 2. HP: 16/21 MP: 2/2
   256 | D:1      | Reached skill level 3 in Shapeshifting
  1106 | D:2      | Noticed Natasha
  1123 | D:2      | HP: 1/21 [Natasha (8)]
  1124 | D:2      | Slain by Natasha

Vanquished Creatures
  2 ball pythons
  2 endoplasms (D:1)
  2 goblins (D:1)
  3 hobgoblins (D:1)
  2 jackals (D:1)
  A quokka (D:1)
  2 bats
  3 frilled lizards (D:1)
  2 kobolds (D:1)
  A rat (D:1)
20 creatures vanquished.

Table legend:
 A = Non-vault XP
 B = Vault XP
 C = Vault XP percentage of total XP
 D = Non-vault monster count
 E = Vault monster count
 F = Vault count percentage of total count
                 A         B        C        D         E       F
            +---------+---------+-------+---------+---------+-------
      Total |      31 |       0 |   0.0 |      20 |       0 |   0.0
            +---------+---------+-------+---------+---------+-------
        D:1 |      29 |       0 |   0.0 |      18 |       0 |   0.0
        D:2 |       2 |       0 |   0.0 |       2 |       0 |   0.0
            +---------+---------+-------+---------+---------+-------

Skill      XL: |  1  2 |
---------------+-------+-----
Shapeshifting  | 3 |  3.1
Fighting       | |  1.5
Dodging        | |  1.7
Unarmed Combat | |  2.9

Action                     || total
---------------------------++-------
  Melee: Unarmed           ||    62
   Stab: Sleeping          ||     3
 Armour: Animal skin       ||    10
  Dodge: Dodged            ||    35

Illustrated notes

Table legend:
 A = Kills in this place as a percentage of kills in the entire game.
 B = Kills by you in this place as a percentage of kills by you in the entire game.
 C = Kills by friends in this place as a percentage of kills by friends in the entire game.
 D = Other kills in this place as a percentage of other kills in the entire game.
 E = Experience gained in this place as a percentage of experience gained in the entire game.
 F = Experience gained in this place divided by the number of levels of this place that you have seen.
                   A       B       C       D       E      F
               +-------+-------+-------+-------+-------+----------------------
         Total | 100.0 | 100.0 |   N/A |   N/A | 100.0 |  15.5
       Dungeon | 100.0 | 100.0 |   N/A |   N/A | 100.0 |  15.5
               +-------+-------+-------+-------+-------+----------------------

Table legend: (Time is in decaauts)
 A = Elapsed time spent in this place.
 B = Non-inter-level travel time spent in this place.
 C = Inter-level travel time spent in this place.
 D = Time resting spent in this place.
 E = Time spent auto-exploring this place.
 F = Levels seen in this place.
 G = Mean time per level.
                   A        B        C        D        E       F      G
               +--------+--------+--------+--------+--------+-----+--------+
         Total |   1121 |   1099 |     22 |      4 |    969 |   2 |  560.5 |
       Dungeon |   1121 |   1099 |     22 |      4 |    969 |   2 |  560.5 |
               +--------+--------+--------+--------+--------+-----+--------+

Top non-repeatable levels by time:
     D:1: 1072 daAuts
     D:2: 49 daAuts
